 Dungeon Crawl Stone Soup version 0.19.1-1-g22dce08 (webtiles) character file.

31 Jynx the Firebug (level 3, -4/19 HPs)
             Began as a Deep Elf Fire Elementalist on Jan 7, 2017.
             Slain by Terence
             ... wielding a cursed -3 hand axe
              (12 damage)
             ... on level 2 of the Dungeon.
             The game lasted 00:01:40 (1145 turns).

Jynx the Firebug (Deep Elf Fire Elementalist)       Turns: 1145, Time: 00:01:41

Health: -4/19      AC:  2    Str:  5    XL:     3   Next: 7%
Magic:  1/9        EV: 13    Int: 20    God:
Gold:   93         SH:  0    Dex: 15    Spells: 2 memorised, 4 levels left

rFire  . . .     SeeInvis .     (no weapon)
rCold  . . .     Gourm    .     a - +0 robe
rNeg   . . .     Faith    .     (no shield)
rPois  .         Spirit   .     (no helmet)
rElec  .         Reflect  .     (no cloak)
rCorr  .         Harm     .     (no gloves)
MR     .....                    (no boots)
Stlth  ++........               l - amulet of magic regeneration
                                (no ring)
                                (no ring)

@: very slightly contaminated
A: no striking features
a: no special abilities


You were on level 2 of the Dungeon.
You were not hungry.

You visited 1 branch of the dungeon, and saw 2 of its levels.

You collected 93 gold pieces.

Inventory:

Armour
 a - a +0 robe (worn)
Jewellery
 l - an amulet of magic regeneration (around neck)
Scrolls
 h - a scroll of recharging {unknown}
 i - a scroll of remove curse {unknown}
 j - a scroll of random uselessness {unknown}
 k - a scroll of fog {unknown}
Potions
 d - a potion of experience {unknown}
 e - a potion of degeneration {unknown}
 m - a potion of haste {unknown}
Books
 b - a book of Flames

   Spells                             Type                      Level
   a - Flame Tongue                   Conjuration/Fire             1
   b - Throw Flame                    Conjuration/Fire             2
   c - Conjure Flame                  Conjuration/Fire             3
   d - Inner Flame                    Hexes/Fire                   3
   e - Sticky Flame                   Conjuration/Fire             4
   f - Fireball                       Conjuration/Fire             5
Comestibles
 c - a bread ration
 g - a meat ration


   Skills:
 - Level 2.4 Dodging
 - Level 2.4 Stealth
 + Level 3.4 Spellcasting
 + Level 1.8 Conjurations
 * Level 4.1 Fire Magic


You had 4 spell levels left.
You knew the following spells:

 Your Spells              Type           Power        Failure   Level  Hunger
a - Flame Tongue          Conj/Fire      ###..        4%          1    None
b - Conjure Flame         Conj/Fire      ###.....     14%         3    ###....


Dungeon Overview and Level Annotations

Branches:
Dungeon (2/15)

Altars:

Annotations:
D:2 Terence


Message History

The flame tongue misses Terence.
Terence closely misses you.
Casting: Flame Tongue
Confirm with . or Enter, or press ? or * to list all spells.
Aiming: Flame Tongue
Press: ? - help, Shift-Dir - straight line, f/p - Terence
Aim: Terence, wielding a hand axe and wearing a ring mail (severely wounded, berserk, fast, unusually strong)
The flame tongue hits Terence.
Terence is almost dead.
Terence hits you with a hand axe. Terence hits you but does no damage.
All of the chunks of flesh in your inventory have rotted away.
Casting: Flame Tongue
Confirm with . or Enter, or press ? or * to list all spells.
Aiming: Flame Tongue
Press: ? - help, Shift-Dir - straight line, f/p - Terence
Aim: Terence, wielding a hand axe and wearing a ring mail (almost dead, berserk, fast, unusually strong)
The flame tongue hits Terence.
Terence appears unharmed.
Terence is almost dead.
Terence hits you with a hand axe!
Ouch! That really hurt!
You die...

#. #.# ..# #..########
#.......... ##
#.......... #..
#.......... #...####@##
#.......@.####### ...
................. .....
........#..#######......
........##.#.............
........##.#.............
........##...............
........###..............
........# #..............
........# #..............


You could see Terence (berserk).

Vanquished Creatures
  2 dart slugs (D:1)
  2 giant cockroaches
  8 goblins
  4 hobgoblins (D:1)
  A kobold (D:1)
  A bat (D:1)
  4 frilled lizards
  2 rats (D:1)
24 creatures vanquished.

Notes
Turn   | Place    | Note
-------+----------+-------------------------------------------
     0 | D:1      | Jynx the Deep Elf Fire Elementalist began the quest for the Orb.
     0 | D:1      | Reached XP level 1. HP: 10/10 MP: 6/6
   309 | D:1      | Reached XP level 2. HP: 15/15 MP: 4/8
   593 | D:1      | Reached skill level 4 in Fire Magic
  1046 | D:2      | Reached XP level 3. HP: 19/19 MP: 7/9
  1051 | D:2      | Learned a level 3 spell: Conjure Flame
  1136 | D:2      | Noticed Terence
  1145 | D:2      | Slain by Terence

Skill      XL: |  1  2 |
---------------+-------+-----
Fire Magic     | 4 |  4.1
Dodging        | |  2.4
Stealth        | |  2.4
Spellcasting   | |  3.4
Conjurations   | |  1.8

Action                   || total
-------------------------++-------
 Cast: Flame Tongue      ||    47
  Eat: Chunk             ||     1
Armor: Robe              ||     1
Dodge: Dodged            ||    19
